Sharks vs Avalanche

Created - 20 janvier 2021 at 20:27

Goals
1 2 3 OT1 SO T
Sharks 0 1 2 0 4 4
Avalanche 0 2 1 0 3 3
Shots
1 2 3 OT1 SO T
Sharks 15 16 7 0 10 38
Avalanche 11 20 12 4 10 47

1st period

No Goal

Penalties :
John Klingberg (COL) for Hooking (Minor) at 5:03

2nd period

1. Sharks , Jonathan Huberdeau 5 (Mark Borowiecki 7, Teuvo Teravainen 13) at 5:40 (PP)
2. Avalanche , Josh Bailey 8 (Keith Yandle 7, Nino Niederreiter 10) at 13:56
3. Avalanche , Cody Eakin 3 (John Klingberg 6, Nino Niederreiter 11) at 16:03

Penalties :
Keith Yandle (COL) for Hooking (Minor) at 4:56

3rd period

4. Avalanche , Josh Bailey 9 (Keith Yandle 8, Nino Niederreiter 12) at 7:34 (PP)
5. Sharks , Dylan Larkin 12 (Teuvo Teravainen 14, Alex Pietrangelo 10) at 9:43
6. Sharks , Robert Thomas 4 (Boone Jenner 7, Alex Pietrangelo 11) at 10:17

Penalties :
John Klingberg (COL) for Cross-checking (Minor) at 2:20, Kenny Agostino (SJS) for Holding (Minor) at 7:22

Overtime #1

No Goal

Penalties :
No Penalty

Shootout

Sharks, Sidney Crosby - Goal!
Avalanche, Josh Bailey - Stopped by Darcy Kuemper
Sharks, Gabriel Landeskog - Stopped by Joonas Korpisalo
Avalanche, Radek Faksa - Stopped by Darcy Kuemper
Sharks, Dylan Larkin - Stopped by Joonas Korpisalo
Avalanche, Josh Leivo - Goal!
Sharks, Jonathan Huberdeau - Stopped by Joonas Korpisalo
Avalanche, Vladislav Namestnikov - Stopped by Darcy Kuemper
Sharks, Teuvo Teravainen - Shot Misses the Net
Avalanche, Ivan Barbashev - Shot Misses the Net
Sharks, Andreas Johnsson - Goal!
Avalanche, Conor Sheary - Goal!
Sharks, Shea Theodore - Goal!
Avalanche, Jack Johnson - Goal!
Sharks, Kenny Agostino - Stopped by Joonas Korpisalo
Avalanche, Daniel Sprong - Shot Misses the Net
Sharks, Boone Jenner - Stopped by Joonas Korpisalo
Avalanche, Nino Niederreiter - Stopped by Darcy Kuemper
Sharks, Brendan Gaunce - Goal!
Avalanche, John Klingberg - Stopped by Darcy Kuemper

Penalties :
No Penalty

Goalie Stats

Darcy Kuemper (SJS), 44 saves from 47 shots - (0,936), W, 12-5-1, 65:00 minutes
Joonas Korpisalo (COL), 35 saves from 38 shots - (0,921), OTL, 3-8-2, 65:00 minutes

Players Stats for Sharks

Player Name              G  A  P  +/- PIM S  H  SB GA TA FO     MP     PP MP  PK MP  
------------------------------------------------------------------------------------
Alex Pietrangelo         0  2  2   2  0   3  2  1  1  0  0/0    27:34   2:59   0:12 
Andreas Johnsson         0  0  0   0  0   1  0  0  0  1  0/2    17:24   0:04   0:00 
Boone Jenner             0  1  1   0  0   2  2  0  0  0  17/27  23:01   2:06   0:12 
Brendan Gaunce           0  0  0  -1  0   0  0  1  0  0  0/0     7:29   0:00   0:00 
Colton Sceviour          0  0  0   0  0   0  0  0  0  0  0/0     1:34   0:00   0:12 
Dylan Larkin             1  0  1   0  0   5  1  0  0  0  5/10   20:33   2:32   0:00 
Gabriel Landeskog        0  0  0   0  0   3  3  1  1  0  2/2    21:39   2:32   0:00 
Jonathan Huberdeau       1  0  1   0  0   7  1  0  0  0  1/2    20:54   2:06   0:00 
Justin Braun             0  0  0  -1  0   2  1  2  0  0  0/0    20:29   0:00   0:00 
Kenny Agostino           0  0  0   1  2   0  0  0  0  1  0/1    13:28   0:00   0:00 
Mark Borowiecki          0  1  1   2  0   1  4  2  0  0  0/0    24:05   1:43   0:00 
Michael Raffl            0  0  0  -1  0   1  1  1  0  0  0/1     8:20   0:04   0:00 
Mirco Mueller            0  0  0  -1  0   0  1  0  0  0  0/0    12:00   0:00   0:00 
Robert Thomas            1  0  1   1  0   4  1  0  0  1  0/0    14:20   0:04   0:00 
Shea Theodore            0  0  0  -1  0   1  0  0  0  0  0/0    14:33   2:59   0:00 
Sidney Crosby            0  0  0   0  0   3  1  1  1  0  10/20  21:37   2:32   0:00 
Teuvo Teravainen         0  2  2   0  0   4  2  0  1  0  0/0    19:28   2:06   0:00 
Zach Werenski            0  0  0  -1  0   1  3  1  1  2  0/0    26:19   1:43   0:12 

Players Stats for Avalanche

Player Name              G  A  P  +/- PIM S  H  SB GA TA FO     MP     PP MP  PK MP  
------------------------------------------------------------------------------------
Andrew Copp              0  0  0   1  0   0  0  0  0  0  0/0    11:42   0:00   0:50 
Brian Dumoulin           0  0  0  -1  0   0  0  0  0  0  0/0    12:55   0:00   0:00 
Cody Eakin               1  0  1   1  0   3  3  2  2  0  1/2    14:19   0:00   0:49 
Conor Sheary             0  0  0  -1  0   2  0  0  0  0  2/6     8:16   0:00   0:07 
Dan Hamhuis              0  0  0  -1  0   0  0  1  0  0  0/0    15:05   0:00   2:10 
Daniel Sprong            0  0  0   1  0   0  1  0  1  0  0/0    12:40   0:00   0:00 
Ivan Barbashev           0  0  0   1  0   2  3  1  0  0  1/4    14:42   0:00   0:00 
Jack Johnson             0  0  0   0  0   0  0  2  0  0  0/0    28:59   0:12   2:45 
John Klingberg           0  1  1   1  4   2  2  1  0  0  0/0    17:53   0:00   0:00 
Josh Bailey              2  0  2   0  0   7  1  0  0  0  12/29  24:22   0:12   2:56 
Josh Leivo               0  0  0   0  0   6  0  0  0  1  1/1    16:18   0:00   0:00 
Keith Yandle             0  2  2   0  2   4  1  1  0  1  0/0    24:37   0:12   2:01 
Marcus Pettersson        0  0  0   1  0   3  1  0  0  1  0/0    20:51   0:00   1:57 
Matt Roy                 0  0  0   0  0   0  1  0  0  0  0/0     5:25   0:00   0:31 
Nino Niederreiter        0  3  3   0  0   5  2  0  0  0  2/4    19:46   0:12   0:00 
Radek Faksa              0  0  0   0  0   7  1  0  2  0  11/18  20:32   0:00   2:56 
Samuel Blais             0  0  0  -1  0   0  0  0  0  0  0/0     8:08   0:12   0:30 
Vladislav Namestnikov    0  0  0   0  0   4  7  0  0  2  0/1    17:27   0:00   1:16 
Warren Foegele           0  0  0  -1  0   0  1  0  0  0  0/0     8:09   0:00   0:00 
Zack Smith               0  0  0  -1  0   2  1  1  0  0  0/0     8:09   0:00   0:00 

3 Stars

1 - Josh Bailey (COL)
2 - Alex Pietrangelo (SJS)
3 - Darcy Kuemper (SJS)

Power Play

Sharks - 1 on 3 Attempt(s) - 33,33%
Avalanche - 1 on 1 Attempt(s) - 100,00%

Penalty Kill

Sharks - 0 on 1 Attempt(s) - 0,00% - Score 0 goal in Penalty Kill
Avalanche - 2 on 3 Attempt(s) - 66,67% - Score 0 goal in Penalty Kill

Team Stat

Sharks - Hits : 23 - Faceoff Wins : 35 - Blocked Shots : 10 - Penalty Minutes : 2
Avalanche - Hits : 25 - Faceoff Wins : 30 - Blocked Shots : 9 - Penalty Minutes : 6

Official

Referees : Gord Dwyer and Peter MacDougall
Linesman : Kelsey Mahoney and Steve Barton

Game Notes

19:25 of 1st period - Avalanche goal is going for a video replay. After video review, No Goal. The puck has been directed, batted or thrown into the net by an attacking player other than with a stick.
Andrew Copp is injured at 16:08 of 2nd period (Sore Left Knee)

Finance

Level 1 -- Attendance: 4915 (81,92%) -- Ticket Income 491 500 $
Level 2 -- Attendance: 4524 (90,48%) -- Ticket Income 271 440 $
Level 3 -- Attendance: 1955 (97,75%) -- Ticket Income 68 425 $
Level 4 -- Attendance: 3050 (76,25%) -- Ticket Income 76 250 $
Luxury Box -- Attendance: 707 (70,70%) -- Ticket Income 141 400 $
Game was played at the Pepsi Center.
Total Attendance: 15151 (84,17%)
Total Ticket Income: 1 049 015 $
Other Income: 514 017 $
Total Income: 1 563 032 $

Sharks

5 vs 5 Forward 
   Center                   Left Wing                Right Wing               Time % Phy DF OF 
 1 Sidney Crosby            Jonathan Huberdeau       Gabriel Landeskog        32     0   2  3  
 2 Dylan Larkin             Andreas Johnsson         Teuvo Teravainen         28     0   2  3  
 3 Boone Jenner             Kenny Agostino           Robert Thomas            25     0   4  1  
 4 Boone Jenner             Brendan Gaunce           Michael Raffl            15     0   5  0  

5 vs 5 Defense 
   Defense                  Defense                                           Time % Phy DF OF 
 1 Alex Pietrangelo         Mark Borowiecki                                   38     0   4  1  
 2 Zach Werenski            Justin Braun                                      36     0   4  1  
 3 Shea Theodore            Mirco Mueller                                     21     0   5  0  
 4 Alex Pietrangelo         Zach Werenski                                     5      0   5  0  

PowerPlay Forward 
   Center                   Left Wing                Right Wing               Time % Phy DF OF 
 1 Sidney Crosby            Gabriel Landeskog        Dylan Larkin             55     0   0  5  
 2 Boone Jenner             Teuvo Teravainen         Jonathan Huberdeau       45     0   0  5  

PowerPlay Defense
   Defense                  Defense                                           Time % Phy DF OF 
 1 Alex Pietrangelo         Shea Theodore                                     55     0   1  4  
 2 Mark Borowiecki          Zach Werenski                                     45     0   1  4  

Penalty Kill 4 Players Forward 
   Center                   Wing                     Time % Phy DF OF 
 1 Boone Jenner             Colton Sceviour          55     0   5  0  
 2 Brendan Gaunce           Michael Raffl            45     0   5  0  

Penalty Kill 4 Players Defense
   Defense                  Defense                  Time % Phy DF OF 
 1 Alex Pietrangelo         Zach Werenski            55     0   5  0  
 2 Mark Borowiecki          Justin Braun             45     0   5  0  

Penalty Kill - 3 Players Forward 
   Forward                                           Time % Phy DF OF 
 1 Colton Sceviour                                   55     0   5  0  
 2 Brendan Gaunce                                    45     0   5  0  

Penalty Kill - 3 Players Defense
   Defense                  Defense                  Time % Phy DF OF 
 1 Alex Pietrangelo         Zach Werenski            55     0   5  0  
 2 Mark Borowiecki          Justin Braun             45     0   5  0  

4 vs 4 Forward 
   Center                   Wing                     Time % Phy DF OF 
 1 Sidney Crosby            Gabriel Landeskog        55     0   3  2  
 2 Dylan Larkin             Jonathan Huberdeau       45     0   3  2  

4 vs 4 Defense
   Defense                  Defense                  Time % Phy DF OF 
 1 Alex Pietrangelo         Zach Werenski            55     0   4  1  
 2 Mark Borowiecki          Justin Braun             45     0   4  1  

Last Minutes Offensive
   Center                   Left Wing                Right Wing               Defense                  Defense                  
   Sidney Crosby            Gabriel Landeskog        Dylan Larkin             Alex Pietrangelo         Zach Werenski            

Last Minutes Defensive
   Center                   Left Wing                Right Wing               Defense                  Defense                  
   Sidney Crosby            Gabriel Landeskog        Dylan Larkin             Alex Pietrangelo         Zach Werenski            

Goaltenders
Starting : Darcy Kuemper            
Backup : Jake Allen               

Extra Forwards
Normal : Andreas Johnsson, Robert Thomas, Colton Sceviour - PP : Andreas Johnsson, Robert Thomas - PK : Colton Sceviour
Extra Defensemen
Normal : Shea Theodore, Mirco Mueller, Mark Borowiecki - PP : Shea Theodore - PK : Mirco Mueller, Mark Borowiecki
Penalty Shots
Sidney Crosby, Gabriel Landeskog, Dylan Larkin, Jonathan Huberdeau, Teuvo Teravainen
Custom OT Lines Forwards
Sidney Crosby, Gabriel Landeskog, Dylan Larkin, Jonathan Huberdeau, Teuvo Teravainen, Boone Jenner, Andreas Johnsson, Robert Thomas, Colton Sceviour, Kenny Agostino
Custom OT Lines Defensemen
Alex Pietrangelo, Zach Werenski, Mark Borowiecki, Justin Braun, Shea Theodore

Scratches
Dillon Dube (Healthy)

Avalanche

5 vs 5 Forward 
   Center                   Left Wing                Right Wing               Time % Phy DF OF 
 1 Josh Bailey              Andrew Copp              Nino Niederreiter        40     1   2  2  
 2 Radek Faksa              Vladislav Namestnikov    Josh Leivo               30     1   2  2  
 3 Ivan Barbashev           Cody Eakin               Daniel Sprong            20     1   2  2  
 4 Conor Sheary             Zack Smith               Warren Foegele           10     1   2  2  

5 vs 5 Defense 
   Defense                  Defense                                           Time % Phy DF OF 
 1 Jack Johnson             Keith Yandle                                      40     1   2  2  
 2 Marcus Pettersson        John Klingberg                                    30     1   2  2  
 3 Brian Dumoulin           Dan Hamhuis                                       20     1   2  2  
 4 Matt Roy                 Jack Johnson                                      10     1   2  2  

PowerPlay Forward 
   Center                   Left Wing                Right Wing               Time % Phy DF OF 
 1 Josh Bailey              Andrew Copp              Nino Niederreiter        60     1   2  2  
 2 Radek Faksa              Vladislav Namestnikov    Josh Leivo               40     1   2  2  

PowerPlay Defense
   Defense                  Defense                                           Time % Phy DF OF 
 1 Jack Johnson             Keith Yandle                                      60     1   2  2  
 2 Marcus Pettersson        John Klingberg                                    40     1   2  2  

Penalty Kill 4 Players Forward 
   Center                   Wing                     Time % Phy DF OF 
 1 Josh Bailey              Radek Faksa              60     1   2  2  
 2 Andrew Copp              Vladislav Namestnikov    40     1   2  2  

Penalty Kill 4 Players Defense
   Defense                  Defense                  Time % Phy DF OF 
 1 Jack Johnson             Keith Yandle             60     1   2  2  
 2 Marcus Pettersson        John Klingberg           40     1   2  2  

Penalty Kill - 3 Players Forward 
   Forward                                           Time % Phy DF OF 
 1 Josh Bailey                                       60     1   2  2  
 2 Radek Faksa                                       40     1   2  2  

Penalty Kill - 3 Players Defense
   Defense                  Defense                  Time % Phy DF OF 
 1 Jack Johnson             Keith Yandle             60     1   2  2  
 2 Marcus Pettersson        John Klingberg           40     1   2  2  

4 vs 4 Forward 
   Center                   Wing                     Time % Phy DF OF 
 1 Josh Bailey              Radek Faksa              60     1   2  2  
 2 Andrew Copp              Vladislav Namestnikov    40     1   2  2  

4 vs 4 Defense
   Defense                  Defense                  Time % Phy DF OF 
 1 Jack Johnson             Keith Yandle             60     1   2  2  
 2 Marcus Pettersson        John Klingberg           40     1   2  2  

Last Minutes Offensive
   Center                   Left Wing                Right Wing               Defense                  Defense                  
   Josh Bailey              Andrew Copp              Nino Niederreiter        Jack Johnson             Keith Yandle             

Last Minutes Defensive
   Center                   Left Wing                Right Wing               Defense                  Defense                  
   Josh Bailey              Andrew Copp              Nino Niederreiter        Jack Johnson             Keith Yandle             

Goaltenders
Starting : Joonas Korpisalo         
Backup : Michael Hutchinson       

Extra Forwards
Normal : Samuel Blais, Ivan Barbashev, Cody Eakin - PP : Samuel Blais, Ivan Barbashev - PK : Cody Eakin
Extra Defensemen
Normal : Brian Dumoulin, Dan Hamhuis, Matt Roy - PP : Brian Dumoulin - PK : Dan Hamhuis, Matt Roy
Penalty Shots
Josh Bailey, Radek Faksa, Andrew Copp, Vladislav Namestnikov, Ivan Barbashev
Custom OT Lines Forwards
Josh Bailey, Radek Faksa, Andrew Copp, Vladislav Namestnikov, Ivan Barbashev, Nino Niederreiter, Josh Leivo, Cody Eakin, Daniel Sprong, Conor Sheary
Custom OT Lines Defensemen
Jack Johnson, Keith Yandle, Marcus Pettersson, John Klingberg, Brian Dumoulin

Scratches
Cameron Gaunce (Healthy)

% Time on Ice - Sharks

Lines # - Real PCT - Wanted PCT - Time Play
Normal Forward
1 - 32% - 32% - 17:37
2 - 30% - 28% - 16:31
3 - 24% - 25% - 13:29
4 - 14% - 15% - 7:29
Normal Defense
1 - 38% - 38% - 20:48
2 - 39% - 36% - 21:21
3 - 22% - 21% - 12:00
4 - 2% - 5% - 0:57
PP Forward
1 - 55% - 55% - 2:36
2 - 45% - 45% - 2:06
PP Defense
1 - 63% - 55% - 2:59
2 - 37% - 45% - 1:43
PK Forward
1 - 100% - 55% - 0:12
2 - 0% - 45% - 0:00
PK Defense
1 - 100% - 55% - 0:12
2 - 0% - 45% - 0:00
PK3 Forward
1 - 0% - 55%
2 - 0% - 45%
PK3 Defense
1 - 0% - 55%
2 - 0% - 45%
44 Forward
1 - 0% - 55%
2 - 0% - 45%
44 Defense
1 - 0% - 55%
2 - 0% - 45%
Last Minute Offensive  - 0:00
Last Minute Defensive  - 0:00
Total
Forward - 60:00
Defense - 60:00

% Time on Ice - Avalanche

Lines # - Real PCT - Wanted PCT - Time Play
Normal Forward
1 - 36% - 40% - 19:38
2 - 27% - 30% - 14:39
3 - 23% - 20% - 12:40
4 - 15% - 10% - 8:09
Normal Defense
1 - 37% - 40% - 20:10
2 - 33% - 30% - 18:14
3 - 23% - 20% - 12:55
4 - 7% - 10% - 3:47
PP Forward
1 - 100% - 60% - 0:12
2 - 0% - 40% - 0:00
PP Defense
1 - 100% - 60% - 0:12
2 - 0% - 40% - 0:00
PK Forward
1 - 73% - 60% - 3:26
2 - 27% - 40% - 1:16
PK Defense
1 - 59% - 60% - 2:45
2 - 41% - 40% - 1:57
PK3 Forward
1 - 0% - 60%
2 - 0% - 40%
PK3 Defense
1 - 0% - 60%
2 - 0% - 40%
44 Forward
1 - 0% - 60%
2 - 0% - 40%
44 Defense
1 - 0% - 60%
2 - 0% - 40%
Last Minute Offensive  - 0:00
Last Minute Defensive  - 0:00
Total
Forward - 60:00
Defense - 60:00

Play-by-Play

1st period


0:01 of 1st period - Josh Bailey wins face-off versus Jonathan Huberdeau in neutral zone.
0:24 of 1st period - Andrew Copp is hit by Sidney Crosby and loses puck.
0:29 of 1st period - Wrist shot by Gabriel Landeskog.
0:29 of 1st period - Shot Misses the Net.
0:41 of 1st period - Wrist shot by Gabriel Landeskog.
0:41 of 1st period - Stopped by Joonas Korpisalo without a rebound.
0:42 of 1st period - Josh Leivo wins face-off versus Dylan Larkin in Avalanche zone.
0:47 of 1st period - Teuvo Teravainen is hit by Vladislav Namestnikov and loses puck.
1:03 of 1st period - Dylan Larkin is hit by John Klingberg and loses puck.
1:10 of 1st period - Snap shot by Dylan Larkin.
1:10 of 1st period - Stopped by Joonas Korpisalo with a rebound.
1:12 of 1st period - Slapshot by Justin Braun.
1:12 of 1st period - Stopped by Joonas Korpisalo with a rebound.
1:14 of 1st period - Backhand shot by Teuvo Teravainen.
1:14 of 1st period - Stopped by Joonas Korpisalo with a rebound.
1:55 of 1st period - Wrist shot by Teuvo Teravainen.
1:55 of 1st period - Stopped by Joonas Korpisalo without a rebound.
1:56 of 1st period - Cody Eakin wins face-off versus Boone Jenner in Avalanche zone.
3:15 of 1st period - Wrist shot by Conor Sheary.
3:15 of 1st period - Shot Misses the Net.
3:17 of 1st period - Wrist shot by Warren Foegele.
3:17 of 1st period - Shot Blocked by Alex Pietrangelo.
3:19 of 1st period - Wrist shot by Zack Smith.
3:19 of 1st period - Deflect By Warren Foegele.
3:19 of 1st period - Shot Hit the Post.
3:19 of 1st period - Puck is out of play.
3:20 of 1st period - Conor Sheary wins face-off versus Boone Jenner in Sharks zone.
3:25 of 1st period - Wrist shot by Conor Sheary.
3:25 of 1st period - Shot Misses the Net.
3:33 of 1st period - Wrist shot by Zack Smith.
3:33 of 1st period - Shot Blocked by Mark Borowiecki.
3:43 of 1st period - Dan Hamhuis is hit by Gabriel Landeskog and loses puck.
4:41 of 1st period - Slapshot by Teuvo Teravainen.
4:41 of 1st period - Deflect By Dylan Larkin.
4:41 of 1st period - Shot Misses the Net.
4:41 of 1st period - Puck is out of play.
4:42 of 1st period - Boone Jenner wins face-off versus Josh Bailey in Avalanche zone.
4:43 of 1st period - Slapshot by Alex Pietrangelo.
4:43 of 1st period - Stopped by Joonas Korpisalo with a rebound.
4:45 of 1st period - Slapshot by Mark Borowiecki.
4:45 of 1st period - Deflect By Michael Raffl.
4:45 of 1st period - Stopped by Joonas Korpisalo with a rebound.
4:47 of 1st period - Wrist shot by Mark Borowiecki.
4:47 of 1st period - Shot Blocked by John Klingberg.
5:03 of 1st period - Minor Penalty to John Klingberg for Hooking.
5:04 of 1st period - Josh Bailey wins face-off versus Sidney Crosby in Avalanche zone.
5:13 of 1st period - Snap shot by Dylan Larkin.
5:13 of 1st period - Shot Misses the Net.
5:15 of 1st period - Wrist shot by Sidney Crosby.
5:15 of 1st period - Stopped by Joonas Korpisalo without a rebound.
5:16 of 1st period - Sidney Crosby wins face-off versus Josh Bailey in Avalanche zone.
7:03 of 1st period - Penalty to John Klingberg is over, John Klingberg is back on ice.
7:13 of 1st period - Wrist shot by Daniel Sprong.
7:13 of 1st period - Shot Misses the Net.
7:15 of 1st period - Slapshot by Marcus Pettersson.
7:15 of 1st period - Stopped by Darcy Kuemper with a rebound.
7:39 of 1st period - Wrist shot by Warren Foegele.
7:39 of 1st period - Shot Hit the Post.
8:06 of 1st period - Vladislav Namestnikov is hit by Mirco Mueller and loses puck.
8:36 of 1st period - Snap shot by Conor Sheary.
8:36 of 1st period - Stopped by Darcy Kuemper without a rebound.
8:37 of 1st period - Sidney Crosby wins face-off versus Josh Bailey in Sharks zone.
8:49 of 1st period - Josh Bailey is hit by Zach Werenski and loses puck.
9:05 of 1st period - Jack Johnson is hit by Boone Jenner and loses puck.
9:14 of 1st period - Boone Jenner is hit by Matt Roy and loses puck.
9:27 of 1st period - Wrist shot by Vladislav Namestnikov.
9:27 of 1st period - Stopped by Darcy Kuemper with a rebound.
9:33 of 1st period - Radek Faksa is hit by Mark Borowiecki and loses puck.
10:12 of 1st period - Zack Smith is hit by Zach Werenski and loses puck.
11:03 of 1st period - Josh Bailey is hit by Alex Pietrangelo and loses puck.
12:01 of 1st period - Off-side.
12:02 of 1st period - Sidney Crosby wins face-off versus Radek Faksa in neutral zone.
13:34 of 1st period - Wrist shot by Radek Faksa.
13:34 of 1st period - Stopped by Darcy Kuemper with a rebound.
13:42 of 1st period - Michael Raffl is hit by Vladislav Namestnikov.
13:52 of 1st period - Backhand shot by Nino Niederreiter.
13:52 of 1st period - Shot Misses the Net.
13:54 of 1st period - Snap shot by Nino Niederreiter.
13:54 of 1st period - Deflect By Andrew Copp.
13:54 of 1st period - Shot Misses the Net.
13:54 of 1st period - Puck is out of play.
13:55 of 1st period - Gabriel Landeskog wins face-off versus Josh Bailey in Sharks zone.
14:00 of 1st period - Josh Bailey is hit by Gabriel Landeskog and loses puck.
14:09 of 1st period - Zach Werenski is hit by Nino Niederreiter and loses puck.
14:24 of 1st period - Slapshot by Dylan Larkin.
14:24 of 1st period - Deflect By Andreas Johnsson.
14:24 of 1st period - Stopped by Joonas Korpisalo without a rebound.
14:25 of 1st period - Radek Faksa wins face-off versus Andreas Johnsson in Avalanche zone.
15:03 of 1st period - Snap shot by Jonathan Huberdeau.
15:03 of 1st period - Stopped by Joonas Korpisalo with a rebound.
15:24 of 1st period - Icing by Brian Dumoulin.
15:25 of 1st period - Josh Bailey wins face-off versus Sidney Crosby in Avalanche zone.
15:58 of 1st period - Robert Thomas is hit by Vladislav Namestnikov and loses puck.
16:03 of 1st period - Wrist shot by Radek Faksa.
16:03 of 1st period - Shot Blocked by Zach Werenski.
16:05 of 1st period - Snap shot by Vladislav Namestnikov.
16:05 of 1st period - Stopped by Darcy Kuemper with a rebound.
16:07 of 1st period - Snap shot by Keith Yandle.
16:07 of 1st period - Stopped by Darcy Kuemper with a rebound.
16:09 of 1st period - Wrist shot by Vladislav Namestnikov.
16:09 of 1st period - Stopped by Darcy Kuemper without a rebound.
16:10 of 1st period - Dylan Larkin wins face-off versus Ivan Barbashev in Sharks zone.
16:23 of 1st period - Snap shot by Teuvo Teravainen.
16:23 of 1st period - Shot Misses the Net.
16:25 of 1st period - Slapshot by Alex Pietrangelo.
16:25 of 1st period - Shot Blocked by Cody Eakin.
16:27 of 1st period - Wrist shot by Teuvo Teravainen.
16:27 of 1st period - Stopped by Joonas Korpisalo with a rebound.
16:37 of 1st period - Jack Johnson is hit by Gabriel Landeskog and loses puck.
17:22 of 1st period - Slapshot by Keith Yandle.
17:22 of 1st period - Stopped by Darcy Kuemper without a rebound.
17:23 of 1st period - Josh Bailey wins face-off versus Sidney Crosby in Sharks zone.
17:28 of 1st period - Slapshot by Nino Niederreiter.
17:28 of 1st period - Shot Blocked by Gabriel Landeskog.
18:01 of 1st period - Slapshot by Nino Niederreiter.
18:01 of 1st period - Stopped by Darcy Kuemper with a rebound.
18:11 of 1st period - Snap shot by Gabriel Landeskog.
18:11 of 1st period - Shot Misses the Net.
18:13 of 1st period - Snap shot by Sidney Crosby.
18:13 of 1st period - Deflect By Jonathan Huberdeau.
18:13 of 1st period - Stopped by Joonas Korpisalo with a rebound.
18:15 of 1st period - Slapshot by Mark Borowiecki.
18:15 of 1st period - Shot Misses the Net.
18:17 of 1st period - Snap shot by Jonathan Huberdeau.
18:17 of 1st period - Stopped by Joonas Korpisalo with a rebound.
18:19 of 1st period - Wrist shot by Gabriel Landeskog.
18:19 of 1st period - Stopped by Joonas Korpisalo without a rebound.
18:20 of 1st period - Boone Jenner wins face-off versus Radek Faksa in Avalanche zone.
18:33 of 1st period - Snap shot by Robert Thomas.
18:33 of 1st period - Stopped by Joonas Korpisalo without a rebound.
18:34 of 1st period - Dylan Larkin wins face-off versus Radek Faksa in Avalanche zone.
18:59 of 1st period - Keith Yandle is hit by Robert Thomas and loses puck.
19:06 of 1st period - Zach Werenski is hit by Zack Smith and loses puck.
19:23 of 1st period - Wrist shot by Josh Bailey.
19:23 of 1st period - Stopped by Darcy Kuemper with a rebound.
19:25 of 1st period - Wrist shot by Nino Niederreiter.
19:25 of 1st period - Avalanche goal is going for a video replay.
19:25 of 1st period - The goal is refused. The puck has been directed, batted or thrown into the net by an attacking player other than with a stick..
19:26 of 1st period - Dylan Larkin wins face-off versus Josh Bailey in Sharks zone.
19:31 of 1st period - Josh Bailey is hit by Mark Borowiecki and loses puck.
Goals for this period are 0 for Sharks vs 0 for Avalanche.
Shots for this period are 15 for Sharks vs 11 for Avalanche.

2nd period


0:01 of 2nd period - Josh Bailey wins face-off versus Boone Jenner in neutral zone.
0:10 of 2nd period - Snap shot by Josh Bailey.
0:10 of 2nd period - Stopped by Darcy Kuemper without a rebound.
0:11 of 2nd period - Josh Bailey wins face-off versus Boone Jenner in Sharks zone.
0:54 of 2nd period - Icing by Alex Pietrangelo.
0:55 of 2nd period - Conor Sheary wins face-off versus Sidney Crosby in Sharks zone.
1:02 of 2nd period - Slapshot by Keith Yandle.
1:02 of 2nd period - Stopped by Darcy Kuemper without a rebound.
1:03 of 2nd period - Boone Jenner wins face-off versus Josh Bailey in Sharks zone.
1:16 of 2nd period - Slapshot by Boone Jenner.
1:16 of 2nd period - Shot Misses the Net.
1:18 of 2nd period - Wrist shot by Robert Thomas.
1:18 of 2nd period - Stopped by Joonas Korpisalo with a rebound.
1:51 of 2nd period - Josh Bailey is hit by Michael Raffl and loses puck.
1:58 of 2nd period - Slapshot by Alex Pietrangelo.
1:58 of 2nd period - Shot Misses the Net.
2:20 of 2nd period - Vladislav Namestnikov is hit by Teuvo Teravainen and loses puck.
2:49 of 2nd period - Wrist shot by Boone Jenner.
2:49 of 2nd period - Stopped by Joonas Korpisalo with a rebound.
2:51 of 2nd period - Snap shot by Boone Jenner.
2:51 of 2nd period - Shot Misses the Net.
2:53 of 2nd period - Slapshot by Alex Pietrangelo.
2:53 of 2nd period - Deflect By John Klingberg.
2:53 of 2nd period - Stopped by Joonas Korpisalo without a rebound.
2:54 of 2nd period - Radek Faksa wins face-off versus Dylan Larkin in Avalanche zone.
3:10 of 2nd period - Wrist shot by Radek Faksa.
3:10 of 2nd period - Stopped by Darcy Kuemper without a rebound.
3:11 of 2nd period - Boone Jenner wins face-off versus Cody Eakin in Sharks zone.
3:11 of 2nd period - Boone Jenner is hit by Ivan Barbashev.
3:47 of 2nd period - Snap shot by Jonathan Huberdeau.
3:47 of 2nd period - Stopped by Joonas Korpisalo with a rebound.
3:49 of 2nd period - Slapshot by Justin Braun.
3:49 of 2nd period - Stopped by Joonas Korpisalo without a rebound.
3:50 of 2nd period - Josh Bailey wins face-off versus Andreas Johnsson in Avalanche zone.
4:21 of 2nd period - Slapshot by Jonathan Huberdeau.
4:21 of 2nd period - Stopped by Joonas Korpisalo without a rebound.
4:22 of 2nd period - Radek Faksa wins face-off versus Sidney Crosby in Avalanche zone.
4:27 of 2nd period - Snap shot by Vladislav Namestnikov.
4:27 of 2nd period - Deflect By Josh Leivo.
4:27 of 2nd period - Stopped by Darcy Kuemper without a rebound.
4:28 of 2nd period - Radek Faksa wins face-off versus Michael Raffl in Sharks zone.
4:29 of 2nd period - Slapshot by Josh Leivo.
4:29 of 2nd period - Stopped by Darcy Kuemper without a rebound.
4:30 of 2nd period - Boone Jenner wins face-off versus Vladislav Namestnikov in Sharks zone.
4:43 of 2nd period - Snap shot by Radek Faksa.
4:43 of 2nd period - Stopped by Darcy Kuemper with a rebound.
4:45 of 2nd period - Slapshot by Vladislav Namestnikov.
4:45 of 2nd period - Stopped by Darcy Kuemper with a rebound.
4:56 of 2nd period - Minor Penalty to Keith Yandle for Hooking.
4:57 of 2nd period - Josh Bailey wins face-off versus Sidney Crosby in Avalanche zone.
5:10 of 2nd period - Slapshot by Alex Pietrangelo.
5:10 of 2nd period - Deflect By Jack Johnson.
5:10 of 2nd period - Stopped by Joonas Korpisalo with a rebound.
5:12 of 2nd period - Wrist shot by Dylan Larkin.
5:12 of 2nd period - Stopped by Joonas Korpisalo with a rebound.
5:14 of 2nd period - Snap shot by Alex Pietrangelo.
5:14 of 2nd period - Shot Hit the Post.
5:24 of 2nd period - Snap shot by Jonathan Huberdeau.
5:24 of 2nd period - Stopped by Joonas Korpisalo with a rebound.
5:26 of 2nd period - Snap shot by Boone Jenner.
5:26 of 2nd period - Stopped by Joonas Korpisalo without a rebound.
5:27 of 2nd period - Boone Jenner wins face-off versus Josh Bailey in Avalanche zone.
5:36 of 2nd period - Wrist shot by Jonathan Huberdeau.
5:36 of 2nd period - Deflect By Teuvo Teravainen.
5:36 of 2nd period - Stopped by Joonas Korpisalo with a rebound.
5:38 of 2nd period - Slapshot by Mark Borowiecki.
5:38 of 2nd period - Deflect By Josh Bailey.
5:38 of 2nd period - Stopped by Joonas Korpisalo with a rebound.
5:40 of 2nd period - Wrist shot by Jonathan Huberdeau.
5:40 of 2nd period - Goal by Jonathan Huberdeau - Sharks : 1 - Avalanche : 0.
5:41 of 2nd period - Boone Jenner wins face-off versus Josh Bailey in neutral zone.
6:06 of 2nd period - Teuvo Teravainen is hit by Vladislav Namestnikov and loses puck.
6:15 of 2nd period - Snap shot by Josh Leivo.
6:15 of 2nd period - Shot Misses the Net.
6:17 of 2nd period - Snap shot by Josh Leivo.
6:17 of 2nd period - Shot Blocked by Mark Borowiecki.
6:19 of 2nd period - Snap shot by Radek Faksa.
6:19 of 2nd period - Stopped by Darcy Kuemper with a rebound.
6:30 of 2nd period - Icing by Marcus Pettersson.
6:31 of 2nd period - Sidney Crosby wins face-off versus Ivan Barbashev in Avalanche zone.
6:48 of 2nd period - Sidney Crosby is hit by Cody Eakin and loses puck.
7:05 of 2nd period - Sidney Crosby is hit by Marcus Pettersson and loses puck.
7:20 of 2nd period - Wrist shot by Sidney Crosby.
7:20 of 2nd period - Shot Blocked by Cody Eakin.
8:02 of 2nd period - Wrist shot by Daniel Sprong.
8:02 of 2nd period - Deflect By Ivan Barbashev.
8:02 of 2nd period - Stopped by Darcy Kuemper with a rebound.
8:04 of 2nd period - Snap shot by Cody Eakin.
8:04 of 2nd period - Stopped by Darcy Kuemper with a rebound.
8:06 of 2nd period - Snap shot by Marcus Pettersson.
8:06 of 2nd period - Stopped by Darcy Kuemper with a rebound.
8:08 of 2nd period - Slapshot by Marcus Pettersson.
8:08 of 2nd period - Stopped by Darcy Kuemper with a rebound.
8:10 of 2nd period - Snap shot by Ivan Barbashev.
8:10 of 2nd period - Shot Misses the Net.
8:12 of 2nd period - Snap shot by Cody Eakin.
8:12 of 2nd period - Shot Misses the Net.
8:14 of 2nd period - Backhand shot by John Klingberg.
8:14 of 2nd period - Stopped by Darcy Kuemper with a rebound.
8:16 of 2nd period - Snap shot by Ivan Barbashev.
8:16 of 2nd period - Stopped by Darcy Kuemper without a rebound.
8:17 of 2nd period - Boone Jenner wins face-off versus Josh Bailey in Sharks zone.
8:48 of 2nd period - Teuvo Teravainen is hit by Vladislav Namestnikov and loses puck.
9:09 of 2nd period - Brian Dumoulin is hit by Boone Jenner and loses puck.
10:03 of 2nd period - Icing by Shea Theodore.
10:04 of 2nd period - Boone Jenner wins face-off versus Conor Sheary in Sharks zone.
10:04 of 2nd period - Boone Jenner is hit by Warren Foegele.
10:20 of 2nd period - Slapshot by Warren Foegele.
10:20 of 2nd period - Shot Blocked by Michael Raffl.
10:49 of 2nd period - Vladislav Namestnikov is hit by Teuvo Teravainen.
11:27 of 2nd period - Slapshot by Teuvo Teravainen.
11:27 of 2nd period - Shot Misses the Net.
11:47 of 2nd period - Dylan Larkin is hit by Vladislav Namestnikov and loses puck.
12:16 of 2nd period - Snap shot by Dylan Larkin.
12:16 of 2nd period - Stopped by Joonas Korpisalo with a rebound.
12:23 of 2nd period - Off-side.
12:24 of 2nd period - Boone Jenner wins face-off versus Josh Bailey in neutral zone.
13:18 of 2nd period - Wrist shot by Boone Jenner.
13:18 of 2nd period - Shot Blocked by Zack Smith.
13:50 of 2nd period - Snap shot by Josh Bailey.
13:50 of 2nd period - Stopped by Darcy Kuemper with a rebound.
13:52 of 2nd period - Snap shot by Nino Niederreiter.
13:52 of 2nd period - Stopped by Darcy Kuemper with a rebound.
13:54 of 2nd period - Slapshot by Keith Yandle.
13:54 of 2nd period - Deflect By Zach Werenski.
13:54 of 2nd period - Stopped by Darcy Kuemper with a rebound.
13:56 of 2nd period - Snap shot by Josh Bailey.
13:56 of 2nd period - Goal by Josh Bailey - Sharks : 1 - Avalanche : 1.
13:57 of 2nd period - Sidney Crosby wins face-off versus Nino Niederreiter in neutral zone.
14:29 of 2nd period - Boone Jenner is hit by Ivan Barbashev and loses puck.
15:38 of 2nd period - Snap shot by Josh Leivo.
15:38 of 2nd period - Stopped by Darcy Kuemper with a rebound.
16:03 of 2nd period - Wrist shot by Cody Eakin.
16:03 of 2nd period - Goal by Cody Eakin - Sharks : 1 - Avalanche : 2.
16:04 of 2nd period - Sidney Crosby wins face-off versus Josh Bailey in neutral zone.
16:07 of 2nd period - Andrew Copp is hit by Jonathan Huberdeau and loses puck.
16:08 of 2nd period - Andrew Copp from Avalanche is injured at 16:08 of 2nd period (Sore Left Knee).
16:09 of 2nd period - Nino Niederreiter wins face-off versus Boone Jenner in Avalanche zone.
16:47 of 2nd period - Off-side.
16:48 of 2nd period - Boone Jenner wins face-off versus Ivan Barbashev in neutral zone.
17:19 of 2nd period - Wrist shot by Vladislav Namestnikov.
17:19 of 2nd period - Shot Hit the Post.
17:21 of 2nd period - Slapshot by Vladislav Namestnikov.
17:21 of 2nd period - Shot Misses the Net.
18:05 of 2nd period - Snap shot by Dylan Larkin.
18:05 of 2nd period - Shot Misses the Net.
18:07 of 2nd period - Slapshot by Shea Theodore.
18:07 of 2nd period - Stopped by Joonas Korpisalo without a rebound.
18:08 of 2nd period - Sidney Crosby wins face-off versus Nino Niederreiter in Avalanche zone.
18:23 of 2nd period - Wrist shot by Sidney Crosby.
18:23 of 2nd period - Stopped by Joonas Korpisalo without a rebound.
18:24 of 2nd period - Radek Faksa wins face-off versus Boone Jenner in Avalanche zone.
18:37 of 2nd period - Backhand shot by Radek Faksa.
18:37 of 2nd period - Shot Misses the Net.
18:51 of 2nd period - Andreas Johnsson is hit by Nino Niederreiter and loses puck.
19:20 of 2nd period - Mark Borowiecki is hit by Cody Eakin and loses puck.
Goals for this period are 1 for Sharks vs 2 for Avalanche.
Shots for this period are 16 for Sharks vs 20 for Avalanche.

3rd period


0:01 of 3rd period - Boone Jenner wins face-off versus Josh Bailey in neutral zone.
0:26 of 3rd period - Dylan Larkin is hit by Vladislav Namestnikov and loses puck.
0:33 of 3rd period - Snap shot by Vladislav Namestnikov.
0:33 of 3rd period - Shot Misses the Net.
0:35 of 3rd period - Slapshot by Dan Hamhuis.
0:35 of 3rd period - Shot Blocked by Justin Braun.
0:37 of 3rd period - Slapshot by Dan Hamhuis.
0:37 of 3rd period - Deflect By Josh Leivo.
0:37 of 3rd period - Stopped by Darcy Kuemper with a rebound.
0:55 of 3rd period - Wrist shot by Gabriel Landeskog.
0:55 of 3rd period - Stopped by Joonas Korpisalo without a rebound.
0:56 of 3rd period - Boone Jenner wins face-off versus Josh Bailey in Avalanche zone.
0:59 of 3rd period - Slapshot by Alex Pietrangelo.
0:59 of 3rd period - Deflect By Robert Thomas.
0:59 of 3rd period - Stopped by Joonas Korpisalo without a rebound.
1:00 of 3rd period - Nino Niederreiter wins face-off versus Kenny Agostino in Avalanche zone.
1:41 of 3rd period - Off-side.
1:42 of 3rd period - Gabriel Landeskog wins face-off versus Radek Faksa in neutral zone.
2:08 of 3rd period - Marcus Pettersson is hit by Zach Werenski and loses puck.
2:20 of 3rd period - Minor Penalty to John Klingberg for Cross-checking.
2:21 of 3rd period - Sidney Crosby wins face-off versus Josh Bailey in Avalanche zone.
4:20 of 3rd period - Penalty to John Klingberg is over, John Klingberg is back on ice.
4:24 of 3rd period - Josh Bailey is hit by Mark Borowiecki and loses puck.
4:38 of 3rd period - Zach Werenski is hit by Radek Faksa.
4:46 of 3rd period - Josh Bailey is hit by Justin Braun.
5:00 of 3rd period - Wrist shot by Josh Bailey.
5:00 of 3rd period - Stopped by Darcy Kuemper with a rebound.
5:02 of 3rd period - Slapshot by Radek Faksa.
5:02 of 3rd period - Stopped by Darcy Kuemper with a rebound.
5:04 of 3rd period - Slapshot by Marcus Pettersson.
5:04 of 3rd period - Shot Blocked by Justin Braun.
5:06 of 3rd period - Snap shot by Matt Roy.
5:06 of 3rd period - Deflect By John Klingberg.
5:06 of 3rd period - Shot Misses the Net.
5:06 of 3rd period - Puck is out of play.
5:07 of 3rd period - Sidney Crosby wins face-off versus Conor Sheary in Sharks zone.
5:12 of 3rd period - Snap shot by Sidney Crosby.
5:12 of 3rd period - Stopped by Joonas Korpisalo without a rebound.
5:13 of 3rd period - Jonathan Huberdeau wins face-off versus Conor Sheary in Avalanche zone.
5:37 of 3rd period - Icing by Jonathan Huberdeau.
5:38 of 3rd period - Ivan Barbashev wins face-off versus Dylan Larkin in Sharks zone.
6:09 of 3rd period - Snap shot by Conor Sheary.
6:09 of 3rd period - Stopped by Darcy Kuemper with a rebound.
6:11 of 3rd period - Snap shot by Zack Smith.
6:11 of 3rd period - Stopped by Darcy Kuemper with a rebound.
6:13 of 3rd period - Snap shot by Conor Sheary.
6:13 of 3rd period - Shot Blocked by Brendan Gaunce.
6:44 of 3rd period - Teuvo Teravainen is hit by Cody Eakin.
6:57 of 3rd period - Teuvo Teravainen is hit by Daniel Sprong and loses puck.
7:20 of 3rd period - Wrist shot by Zack Smith.
7:20 of 3rd period - Shot Misses the Net.
7:22 of 3rd period - Minor Penalty to Kenny Agostino for Holding.
7:23 of 3rd period - Josh Bailey wins face-off versus Boone Jenner in Sharks zone.
7:34 of 3rd period - Wrist shot by Josh Bailey.
7:34 of 3rd period - Goal by Josh Bailey - Sharks : 1 - Avalanche : 3.
7:35 of 3rd period - Boone Jenner wins face-off versus Josh Bailey in neutral zone.
7:40 of 3rd period - Wrist shot by Josh Bailey.
7:40 of 3rd period - Shot Misses the Net.
7:46 of 3rd period - Nino Niederreiter is hit by Alex Pietrangelo and loses puck.
7:51 of 3rd period - Slapshot by Boone Jenner.
7:51 of 3rd period - Deflect By Kenny Agostino.
7:51 of 3rd period - Shot Blocked by Keith Yandle.
7:51 of 3rd period - Puck is out of play.
7:52 of 3rd period - Radek Faksa wins face-off versus Dylan Larkin in Avalanche zone.
9:04 of 3rd period - Slapshot by Zack Smith.
9:04 of 3rd period - Stopped by Darcy Kuemper with a rebound.
9:06 of 3rd period - Snap shot by Zack Smith.
9:06 of 3rd period - Deflect By Warren Foegele.
9:06 of 3rd period - Shot Misses the Net.
9:06 of 3rd period - Puck is out of play.
9:07 of 3rd period - Dylan Larkin wins face-off versus Conor Sheary in Sharks zone.
9:32 of 3rd period - Teuvo Teravainen is hit by John Klingberg and loses puck.
9:43 of 3rd period - Slapshot by Dylan Larkin.
9:43 of 3rd period - Goal by Dylan Larkin - Sharks : 2 - Avalanche : 3.
9:44 of 3rd period - Josh Bailey wins face-off versus Boone Jenner in neutral zone.
9:46 of 3rd period - Off-side.
9:47 of 3rd period - Boone Jenner wins face-off versus Josh Bailey in neutral zone.
10:08 of 3rd period - Keith Yandle is hit by Mark Borowiecki and loses puck.
10:15 of 3rd period - Wrist shot by Boone Jenner.
10:15 of 3rd period - Shot Misses the Net.
10:17 of 3rd period - Snap shot by Boone Jenner.
10:17 of 3rd period - Deflect By Robert Thomas.
10:17 of 3rd period - Goal by Robert Thomas - Sharks : 3 - Avalanche : 3.
10:18 of 3rd period - Josh Bailey wins face-off versus Boone Jenner in neutral zone.
10:21 of 3rd period - Snap shot by Josh Bailey.
10:21 of 3rd period - Stopped by Darcy Kuemper with a rebound.
11:13 of 3rd period - Snap shot by Radek Faksa.
11:13 of 3rd period - Shot Misses the Net.
11:15 of 3rd period - Wrist shot by Josh Leivo.
11:15 of 3rd period - Stopped by Darcy Kuemper without a rebound.
11:16 of 3rd period - Josh Bailey wins face-off versus Boone Jenner in Sharks zone.
11:55 of 3rd period - Slapshot by Sidney Crosby.
11:55 of 3rd period - Shot Misses the Net.
12:24 of 3rd period - Slapshot by Nino Niederreiter.
12:24 of 3rd period - Shot Blocked by Sidney Crosby.
13:06 of 3rd period - Slapshot by Nino Niederreiter.
13:06 of 3rd period - Stopped by Darcy Kuemper without a rebound.
13:07 of 3rd period - Boone Jenner wins face-off versus Radek Faksa in Sharks zone.
13:32 of 3rd period - Ivan Barbashev is hit by Dylan Larkin and loses puck.
13:39 of 3rd period - Wrist shot by Dylan Larkin.
13:39 of 3rd period - Stopped by Joonas Korpisalo with a rebound.
13:41 of 3rd period - Slapshot by Zach Werenski.
13:41 of 3rd period - Stopped by Joonas Korpisalo without a rebound.
13:42 of 3rd period - Radek Faksa wins face-off versus Dylan Larkin in Avalanche zone.
14:15 of 3rd period - Wrist shot by Cody Eakin.
14:15 of 3rd period - Stopped by Darcy Kuemper with a rebound.
15:41 of 3rd period - Slapshot by Daniel Sprong.
15:41 of 3rd period - Shot Misses the Net.
17:01 of 3rd period - Wrist shot by John Klingberg.
17:01 of 3rd period - Stopped by Darcy Kuemper without a rebound.
17:02 of 3rd period - Dylan Larkin wins face-off versus Radek Faksa in Sharks zone.
17:17 of 3rd period - Snap shot by Boone Jenner.
17:17 of 3rd period - Shot Misses the Net.
17:19 of 3rd period - Slapshot by Robert Thomas.
17:19 of 3rd period - Shot Blocked by Ivan Barbashev.
17:21 of 3rd period - Wrist shot by Kenny Agostino.
17:21 of 3rd period - Deflect By Robert Thomas.
17:21 of 3rd period - Shot Misses the Net.
17:21 of 3rd period - Puck is out of play.
17:22 of 3rd period - Boone Jenner wins face-off versus Josh Bailey in Avalanche zone.
17:23 of 3rd period - Snap shot by Michael Raffl.
17:23 of 3rd period - Shot Misses the Net.
18:10 of 3rd period - Snap shot by Teuvo Teravainen.
18:10 of 3rd period - Shot Blocked by Dan Hamhuis.
Goals for this period are 2 for Sharks vs 1 for Avalanche.
Shots for this period are 7 for Sharks vs 12 for Avalanche.

Overtime #1


0:01 of 1st overtime period - Sidney Crosby wins face-off versus Radek Faksa in neutral zone.
1:03 of 1st overtime period - Snap shot by Teuvo Teravainen.
1:03 of 1st overtime period - Shot Blocked by Jack Johnson.
1:14 of 1st overtime period - Icing by Teuvo Teravainen.
1:15 of 1st overtime period - Radek Faksa wins face-off versus Sidney Crosby in Sharks zone.
1:20 of 1st overtime period - Snap shot by Radek Faksa.
1:20 of 1st overtime period - Stopped by Darcy Kuemper without a rebound.
1:21 of 1st overtime period - Radek Faksa wins face-off versus Sidney Crosby in Sharks zone.
1:28 of 1st overtime period - Snap shot by Radek Faksa.
1:28 of 1st overtime period - Stopped by Darcy Kuemper without a rebound.
1:29 of 1st overtime period - Radek Faksa wins face-off versus Sidney Crosby in Sharks zone.
2:04 of 1st overtime period - Snap shot by Jonathan Huberdeau.
2:04 of 1st overtime period - Shot Misses the Net.
2:06 of 1st overtime period - Slapshot by Alex Pietrangelo.
2:06 of 1st overtime period - Shot Misses the Net.
2:08 of 1st overtime period - Wrist shot by Alex Pietrangelo.
2:08 of 1st overtime period - Shot Blocked by Jack Johnson.
2:32 of 1st overtime period - Snap shot by Josh Leivo.
2:32 of 1st overtime period - Stopped by Darcy Kuemper without a rebound.
2:33 of 1st overtime period - Radek Faksa wins face-off versus Sidney Crosby in Sharks zone.
2:58 of 1st overtime period - Dylan Larkin is hit by Ivan Barbashev and loses puck.
3:17 of 1st overtime period - Gabriel Landeskog is hit by Josh Bailey and loses puck.
3:38 of 1st overtime period - Snap shot by Nino Niederreiter.
3:38 of 1st overtime period - Stopped by Darcy Kuemper with a rebound.
4:05 of 1st overtime period - Dylan Larkin is hit by Keith Yandle and loses puck.
Goals for this period are 0 for Sharks vs 0 for Avalanche.
Shots for this period are 0 for Sharks vs 4 for Avalanche.

ShootOut


5:00 of 1st overtime period - Round #1.
5:00 of 1st overtime period - Sharks, Sidney Crosby.
5:00 of 1st overtime period - Wrist shot by Sidney Crosby.
5:00 of 1st overtime period - Goal by Sidney Crosby.
5:00 of 1st overtime period - Avalanche, Josh Bailey.
5:00 of 1st overtime period - Backhand shot by Josh Bailey.
5:00 of 1st overtime period - Stopped by Darcy Kuemper.
5:00 of 1st overtime period - Round #2.
5:00 of 1st overtime period - Sharks, Gabriel Landeskog.
5:00 of 1st overtime period - Deke by Gabriel Landeskog.
5:00 of 1st overtime period - Stopped by Joonas Korpisalo.
5:00 of 1st overtime period - Avalanche, Radek Faksa.
5:00 of 1st overtime period - Deke by Radek Faksa.
5:00 of 1st overtime period - Stopped by Darcy Kuemper.
5:00 of 1st overtime period - Round #3.
5:00 of 1st overtime period - Sharks, Dylan Larkin.
5:00 of 1st overtime period - Wrist shot by Dylan Larkin.
5:00 of 1st overtime period - Stopped by Joonas Korpisalo.
5:00 of 1st overtime period - Avalanche, Josh Leivo.
5:00 of 1st overtime period - Deke by Josh Leivo.
5:00 of 1st overtime period - Goal by Josh Leivo.
5:00 of 1st overtime period - Round #4.
5:00 of 1st overtime period - Sharks, Jonathan Huberdeau.
5:00 of 1st overtime period - Deke by Jonathan Huberdeau.
5:00 of 1st overtime period - Stopped by Joonas Korpisalo.
5:00 of 1st overtime period - Avalanche, Vladislav Namestnikov.
5:00 of 1st overtime period - Deke by Vladislav Namestnikov.
5:00 of 1st overtime period - Stopped by Darcy Kuemper.
5:00 of 1st overtime period - Round #5.
5:00 of 1st overtime period - Sharks, Teuvo Teravainen.
5:00 of 1st overtime period - Snap shot by Teuvo Teravainen.
5:00 of 1st overtime period - Shot Misses the Net.
5:00 of 1st overtime period - Avalanche, Ivan Barbashev.
5:00 of 1st overtime period - Snap shot by Ivan Barbashev.
5:00 of 1st overtime period - Shot Misses the Net.
5:00 of 1st overtime period - Round #6.
5:00 of 1st overtime period - Sharks, Andreas Johnsson.
5:00 of 1st overtime period - Deke by Andreas Johnsson.
5:00 of 1st overtime period - Goal by Andreas Johnsson.
5:00 of 1st overtime period - Avalanche, Conor Sheary.
5:00 of 1st overtime period - Deke by Conor Sheary.
5:00 of 1st overtime period - Goal by Conor Sheary.
5:00 of 1st overtime period - Round #7.
5:00 of 1st overtime period - Sharks, Shea Theodore.
5:00 of 1st overtime period - Snap shot by Shea Theodore.
5:00 of 1st overtime period - Goal by Shea Theodore.
5:00 of 1st overtime period - Avalanche, Jack Johnson.
5:00 of 1st overtime period - Snap shot by Jack Johnson.
5:00 of 1st overtime period - Goal by Jack Johnson.
5:00 of 1st overtime period - Round #8.
5:00 of 1st overtime period - Sharks, Kenny Agostino.
5:00 of 1st overtime period - Wrist shot by Kenny Agostino.
5:00 of 1st overtime period - Stopped by Joonas Korpisalo.
5:00 of 1st overtime period - Avalanche, Daniel Sprong.
5:00 of 1st overtime period - Wrist shot by Daniel Sprong.
5:00 of 1st overtime period - Shot Misses the Net.
5:00 of 1st overtime period - Round #9.
5:00 of 1st overtime period - Sharks, Boone Jenner.
5:00 of 1st overtime period - Deke by Boone Jenner.
5:00 of 1st overtime period - Stopped by Joonas Korpisalo.
5:00 of 1st overtime period - Avalanche, Nino Niederreiter.
5:00 of 1st overtime period - Deke by Nino Niederreiter.
5:00 of 1st overtime period - Stopped by Darcy Kuemper.
5:00 of 1st overtime period - Round #10.
5:00 of 1st overtime period - Sharks, Brendan Gaunce.
5:00 of 1st overtime period - Wrist shot by Brendan Gaunce.
5:00 of 1st overtime period - Goal by Brendan Gaunce.
5:00 of 1st overtime period - Avalanche, John Klingberg.
5:00 of 1st overtime period - Deke by John Klingberg.
5:00 of 1st overtime period - Stopped by Darcy Kuemper.